AoeStats
← VALAZZU

Arena

509206395Analyzed
4v4 RM · 5d ago on Sep 25, 2026· 49m 7s· 8 players
Game mode
Random Map
Map size
Large (8 player)
Population
200
Speed
Normal
Resources
Standard
Victory
Conquest
Starting age
Dark Age
Ending age
Imperial Age
RankedLock teamsTeams togetherTeam positionsShared explorationLock speedFull tech treeHidden civsTurbo modeCheats
Victory
Defeat
🇨🇳 Huns · China
928
+13
🇲🇽 Franks · Mexico
891
+15
🇲🇽 Romans · Mexico
890
+15
🇦🇷 Byzantines · Argentina
818
+17
🇬🇧 Khmer · United Kingdom
894
-16
🇹🇷 Turks · Türkiye
878
-16
🇹🇷 Vietnamese · Türkiye
865
-15
🇫🇷 Celts · France
806
-13
Yoldaokuyan
10:59 Feudal Age
16:57 Castle Age
16:50 Horse Collar
16:58 Double-Bit Axe
21:01 Bow Saw
23:46 Heavy Plow
25:51 Wheelbarrow
25:02 Loom
26:40 Padded Archer Armor
28:45 Hand Cart
28:59 Leather Archer Armor
28:59 Scale Barding Armor
30:01 Gold Mining
30:02 Stone Mining
33:33 Imperial Age
32:13 Town Watch
33:30 Gold Shaft Mining
33:31 Stone Shaft Mining
34:01 Chain Barding Armor
33:33 Fletching
35:12 Elite Ballista Elephant
36:15 Conscription
35:57 Tusk Swords
35:59 Double Crossbow
36:27 Town Patrol
37:05 Crop Rotation
37:20 Ring Archer Armor
SexeDeGrenouille
5:47 Loom
13:09 Feudal Age
15:09 Wheelbarrow
14:37 Horse Collar
14:48 Double-Bit Axe
19:26 Castle Age
17:54 Gold Mining
17:57 Stone Mining
20:32 Hand Cart
22:09 Heavy Plow
22:32 Town Watch
33:51 Imperial Age
SERHANIKO
11:49 Feudal Age
13:39 Wheelbarrow
12:58 Horse Collar
13:06 Double-Bit Axe
20:30 Castle Age
19:24 Stone Mining
20:16 Padded Archer Armor
20:15 Fletching
22:04 Stone Shaft Mining
21:20 Gold Mining
25:29 Hand Cart
26:58 Chatras
27:25 Pikeman
28:07 Squires
28:43 Ballistics
30:47 Forging
30:02 Elite Skirmisher
30:39 Treadmill Crane
34:19 Imperial Age
32:29 Light Cavalry
34:43 Halberdier
36:48 Fortified Wall
37:06 Murder Holes
37:51 Man-at-Arms
KgannicusK
11:16 Feudal Age
18:12 Castle Age
16:36 Double-Bit Axe
16:34 Horse Collar
18:53 Wheelbarrow
19:41 Bow Saw
19:33 Heavy Plow
21:52 Hand Cart
24:52 Stone Mining
28:00 Gold Mining
29:53 Bloodlines
30:34 Gold Shaft Mining
31:53 Scale Barding Armor
31:48 Padded Archer Armor
31:49 Scale Mail Armor
31:59 Forging
31:39 Fletching
33:20 Treadmill Crane
37:37 Imperial Age
34:56 Town Watch
34:57 Loom
36:10 Chain Barding Armor
36:06 Chain Mail Armor
36:06 Leather Archer Armor
36:26 Iron Casting
35:47 Bodkin Arrow
36:16 Ballistics
35:48 Heated Shot
36:09 Masonry
38:39 Conscription
37:45 Elite Janissary
48:51 Two-Man Saw
JamesTKirk
11:05 Feudal Age
11:57 Double-Bit Axe
14:34 Loom
16:57 Castle Age
15:30 Horse Collar
15:43 Gold Mining
18:51 Bow Saw
21:59 Wheelbarrow
31:35 Hand Cart
35:08 Ballistics
39:09 Imperial Age
40:59 Heavy Plow
42:03 Chemistry
40:29 Capped Ram
40:31 Heavy Scorpion
42:13 Caravan
42:58 Crop Rotation
42:40 Forging
42:31 Scale Mail Armor
42:36 Scale Barding Armor
42:32 Padded Archer Armor
42:22 Fletching
42:34 Siege Ram
43:55 Loom
43:58 Town Watch
44:59 Iron Casting
44:39 Chain Mail Armor
45:13 Town Patrol
45:41 Chain Barding Armor
46:58 Gold Shaft Mining
46:17 Stone Mining
46:51 Bodkin Arrow
47:11 Leather Archer Armor
47:11 Masonry
47:13 Fortified Wall
47:01 Murder Holes
47:35 Ballistas
49:19 Blast Furnace
49:47 Architecture
49:09 Guard Tower
49:59 Plate Barding Armor
Wololo
0:30 Loom
10:18 Feudal Age
14:30 Castle Age
13:07 Double-Bit Axe
17:17 Horse Collar
19:20 Stone Mining
21:57 Gold Mining
22:34 Bow Saw
23:42 Heavy Plow
25:57 Gold Shaft Mining
29:12 Imperial Age
27:06 Scale Barding Armor
27:15 Marauders
27:38 Forging
28:07 Chain Barding Armor
28:48 Bloodlines
28:38 Husbandry
29:27 Iron Casting
29:38 Wheelbarrow
28:49 Town Watch
30:23 Conscription
29:32 Elite Tarkan
31:16 Plate Barding Armor
32:01 Blast Furnace
44:55 Capped Ram
46:24 Siege Ram
.............
4:37 Loom
11:46 Feudal Age
15:16 Horse Collar
17:58 Castle Age
23:14 Double-Bit Axe
23:42 Gold Mining
23:57 Stone Mining
25:25 Scale Barding Armor
25:32 Forging
26:30 Husbandry
27:57 Iron Casting
32:17 Wheelbarrow
32:22 Chain Barding Armor
32:47 Heavy Plow
33:01 Bow Saw
33:30 Gold Shaft Mining
33:31 Stone Shaft Mining
37:39 Imperial Age
35:30 Hand Cart
38:08 Cavalier
39:25 Plate Barding Armor
40:11 Chemistry
39:37 Ballistics
39:24 Paladin
41:31 Heavy Camel Rider
VALAZZU
0:29 Loom
11:17 Feudal Age
12:17 Man-at-Arms
13:41 Wheelbarrow
21:48 Castle Age
19:51 Stone Mining
20:14 Gold Mining
21:12 Forging
21:07 Scale Mail Armor
22:44 Pikeman
23:26 Squires
24:05 Iron Casting
23:56 Fletching
25:15 Husbandry
26:08 Crossbowman
27:30 Hand Cart
34:18 Imperial Age
33:48 Scale Barding Armor
33:59 Chain Mail Armor
36:10 Blast Furnace
36:41 Plate Mail Armor
39:48 Chain Barding Armor
39:24 Bodkin Arrow
39:30 Padded Archer Armor
39:14 Cavalier
41:35 Gold Shaft Mining
41:28 Town Watch
41:46 Double-Bit Axe
43:16 Leather Archer Armor
43:37 Plate Barding Armor
44:06 Town Patrol
43:49 Light Cavalry
45:11 Bow Saw
46:03 Paladin
47:13 Long Swordsman
47:38 Gambesons
47:39 Arson
49:07 Elite Throwing Axeman
Connection lost

Rejoining the realm…

Still unreachable

The connection could not be restored.

Session expired

The server has moved on; the page needs a fresh start.